 Dungeon Crawl Stone Soup version 0.21-a0-426-g98080a9 (webtiles) character file.

471 Zapper the Conjurer (level 6, -13/33 HPs)
             Began as a Deep Elf Conjurer on Nov 5, 2017.
             Killed from afar by Ijyb (29 damage)
             ... with a wand of lightning (?/15)
             ... on level 4 of the Dungeon.
             The game lasted 00:38:27 (3403 turns).

Zapper the Conjurer (Deep Elf Conjurer)             Turns: 3403, Time: 00:38:28

Health: -13/33     AC:  2    Str:  5    XL:     6   Next: 83%
Magic:  16/17      EV: 13    Int: 22    God:
Gold:   93         SH:  0    Dex: 15    Spells: 14/17 levels left

rFire    . . .     SeeInvis .   o - +0 hunting sling
rCold    . . .     Gourm    .   (no shield)
rNeg     . . .     Faith    .   a - +0 robe
rPois    .         Spirit   .   (no helmet)
rElec    .         Reflect  .   (no cloak)
rCorr    .         Harm     .   (no gloves)
MR       .....                  (no boots)
Stlth    ++........             (no amulet)
HPRegen  0.11/turn              (no ring)
MPRegen  0.15/turn              (no ring)

@: no status effects
A: no striking features
a: no special abilities


You were on level 4 of the Dungeon.
You were not hungry.

You visited 1 branch of the dungeon, and saw 4 of its levels.

You collected 93 gold pieces.

Inventory:

Hand Weapons
 d - a +0 dagger
 o - a +0 hunting sling (weapon)
 s - a +0 antimagic hand axe
Missiles
 n - 98 stones (quivered)
Armour
 a - a +0 robe (worn)
 i - a +0 cloak
 p - a +0 helmet
Magical Staves
 w - an uncursed staff of wizardry {unknown}
Jewellery
 g - an uncursed amulet of faith
Wands
 f - a wand of lightning (1/15)
 l - a wand of digging (6/24)
Scrolls
 m - 2 scrolls of fog
 u - a scroll of magic mapping {unknown}
 x - a scroll of remove curse {unknown}
 y - a scroll of enchant armour {unknown}
Potions
 c - a potion of brilliance {unknown}
 e - a potion of curing
 h - a potion of flight
 r - 2 potions of lignification {unknown}
 v - a potion of cancellation {unknown}
 z - 2 potions of heal wounds {unknown}
Books
 b - a book of Conjurations

   Spells                             Type                      Level
   a - Magic Dart                     Conjuration                  1
   b - Searing Ray                    Conjuration                  2
   c - Dazzling Spray                 Conjuration/Hexes            3
   d - Fulminant Prism                Conjuration/Hexes            4
   e - Force Lance                    Conjuration/Translocation    4
   f - Iskenderun's Mystic Blast      Conjuration                  4
 t - a book of Cantrips

   Spells                             Type                      Level
   a - Confusing Touch                Hexes                        1
   b - Animate Skeleton               Necromancy                   1
   c - Summon Small Mammal            Summoning                    1
   d - Apportation                    Translocation                1
Comestibles
 j - a bread ration
 k - a meat ration
 q - a fruit


   Skills:
 + Level 0.7 Fighting
 + Level 1.0 Slings
 + Level 3.0 Dodging
 + Level 3.5 Stealth
 + Level 6.0 Spellcasting
 + Level 6.9 Conjurations


You had 14 spell levels left.
You knew the following spells:

 Your Spells              Type           Power        Failure   Level  Hunger
a - Magic Dart            Conj           ####         1%          1    None
b - Searing Ray           Conj           #####.       1%          2    None


Dungeon Overview and Level Annotations

Branches:
Dungeon (4/15)
 Temple: D:4-7

Altars:
Trog
Vehumet

Annotations:
D:2 Crazy Yiuf
D:4 Ijyb


Message History

Press: ? - help, Shift-Dir - straight line, f/p - Ijyb
Aim: Ijyb, wielding a dagger of speed, wearing a ring mail and carrying a wand of lightning (?/15) {zapped: 1} (lightly wounded)
You hear a mighty clap of thunder!
The bolt of lightning hits Ijyb.
Ijyb is severely wounded.
Evoking this partially-identified wand wasted a few charges.
You hear a shout!
That item cannot be evoked!
You feel better.
Ijyb screams, "Me very upset!"
Ijyb drinks a potion.
Ijyb is healed!
Aiming: Lightning Bolt (will waste charges)
Press: ? - help, Shift-Dir - straight line, f/p - Ijyb
Aim: Ijyb, wielding a dagger of speed, wearing a ring mail and carrying a wand of lightning (?/15) {zapped: 1} (moderately wounded)
You hear a mighty clap of thunder!
The bolt of lightning misses Ijyb.
Evoking this partially-identified wand wasted a few charges.
Ijyb zaps a wand.
The bolt of lightning hits you!
Ouch! That really hurt!
You die...

#.# #.# #. #.#### #.#
#. ≈≈≈≈≈≈≈≈≈≈≈≈# #.#
#. ≈≈≈≈≈≈≈≈≈≈≈≈≈##)#
#.
##.........≈≈≈#.######
#........÷.≈≈.....###
#...#####..≈≈#.......
#####...#..≈≈##......
#..@g..'..≈≈≈#.#####
#..#...#÷.≈≈≈#.#
#..#########≈≈.#
#..........#≈≈.#
#)....)....'...#
#..........'...#
#...÷......'...#
#..........#≈≈##
#..#########≈≈#


You could see Ijyb.

Vanquished Creatures
  A hungry ghost (D:4)
  A jelly (D:3)
  2 orc priests (D:4)
  An iguana (D:4)
  A worker ant (D:4)
  8 adders
  3 oozes
  2 worms (D:2)
  3 dart slugs
  3 leopard geckos
  7 orcs
  8 giant cockroaches
  11 goblins
  6 hobgoblins
  11 jackals
  8 kobolds
  A quokka (D:3)
  A ball python (D:1)
  15 bats
  2 frilled lizards
  6 rats
101 creatures vanquished.

Notes
Turn   | Place    | Note
-------+----------+-------------------------------------------
     0 | D:1      | Zapper the Deep Elf Conjurer began the quest for the Orb.
     0 | D:1      | Reached XP level 1. HP: 10/10 MP: 6/6
    57 | D:1      | Reached XP level 2. HP: 11/15 MP: 0/8
   284 | D:1      | Reached skill level 5 in Conjurations
   502 | D:1      | Reached XP level 3. HP: 19/19 MP: 7/9
   657 | D:1      | Learned a level 2 spell: Searing Ray
  1006 | D:2      | Found a runed door.
  1182 | D:2      | Reached XP level 4. HP: 16/24 MP: 3/11
  1605 | D:2      | Noticed Crazy Yiuf
  1672 | D:3      | Found a bloodstained altar of Trog.
  1676 | D:3      | Found a radiant altar of Vehumet.
  1880 | D:3      | Reached XP level 5. HP: 26/28 MP: 3/13
  2511 | D:4      | Reached skill level 5 in Spellcasting
  2816 | D:4      | Reached XP level 6. HP: 33/33 MP: 10/15
  3212 | D:4      | Noticed a hungry ghost
  3241 | D:4      | Noticed Ijyb
  3242 | D:4      | Killed a hungry ghost
  3242 | D:4      | Reached skill level 1 in Slings
  3403 | D:4      | Killed from afar by Ijyb

Vault maps used:
D:1:      minmay_arrival_checkered_box
D:2:      uniq_crazy_yiuf_cottage
D:3:      grunt_temple_overflow_open
D:4:      kennysheep_goblin_castle, first_bread

Skill      XL: |  1  2  3  4  5  6 |
---------------+-------------------+-----
Conjurations   | 5 6 |  6.9
Stealth        | 3 |  3.5
Spellcasting   | 4 5 6 |  6.0
Slings         | 1 |  1.0
Dodging        | 3 |  3.0
Fighting       | |  0.7

Action                   |  1- 3 |  4- 6 || total
-------------------------+-------+-------++-------
 Fire: Hunting sling     |       |     4 ||     4
 Cast: Magic Dart        |    98 |    91 ||   189
       Searing Ray       |       |    17 ||    17
Evoke: Wand              |       |     2 ||     2
  Use: Scroll            |     4 |     2 ||     6
       Potion            |       |     6 ||     6
  Eat: Bread ration      |     1 |       ||     1
       Fruit             |       |     3 ||     3
       Meat ration       |       |     2 ||     2
Armor: Robe              |     6 |     4 ||    10
Dodge: Dodged            |     8 |    29 ||    37

Table legend:
 A = Spawn XP
 B = Non-spawn XP
 C = Spawn XP percentage of total XP
 D = Spawn monster count
 E = Non-spawn monster count
 F = Spawn count percentage of total count
 G = Total turns spent on level
                    A         B        C        D         E        F      G
               +---------+---------+-------+---------+---------+-------+---------
         Total |       0 |     674 |   0.0 |       0 |     101 |   0.0 |  3403
               +---------+---------+-------+---------+---------+-------+---------
           D:1 |       0 |      84 |   0.0 |       0 |      31 |   0.0 |   901
           D:2 |       0 |      46 |   0.0 |       0 |      20 |   0.0 |   760
           D:3 |       0 |     158 |   0.0 |       0 |      30 |   0.0 |   803
           D:4 |       0 |     386 |   0.0 |       0 |      20 |   0.0 |   939
               +---------+---------+-------+---------+---------+-------+---------
